[Event "Team 45 45 League T40"]
[Site "Internet Chess Club"]
[Date "2009.03.01"]
[Round "5"]
[White "allanchs"]
[Black "Thersites"]
[Result "1/2-1/2"]
[WhiteElo "1544"]
[BlackElo "1732"]
[Opening "Pirc: Austrian attack, 6.Bd3"]
[ECO "B09"]
[Time "12:00:49"]
[TimeControl "2700+45"]

1. e4 d6 2. d4 Nf6 3. Nc3 g6 4. f4 Bg7 5. Nf3 O-O 6. Bd3 Na6 7. e5 Ne8 8. O-O b6
9. Qe2 Nb4 10. Be3 Nxd3 11. Qxd3 c5 12. Rae1 cxd4 13. Bxd4 Bf5 14. Qe2 e6 15.
exd6 Nf6 16. Rd1 Rc8 17. Be5 Nd5 18. Bxg7 Kxg7 19. Nxd5 exd5 20. Qe5+ Kg8 21.
Qxd5 Rxc2 22. Rd2 Be6 23. Qd4 Rc4 24. Qe3 Re8 25. Re1 Rc6 26. Qe5 Bd7 27. Qd4
Be6 28. b3 Qd7 29. Ne5 Qb7 30. Nxc6 Qxc6 31. Qe5 Bd7 32. Qa1 Qc5+ 33. Kh1 Rd8
34. Qf6 Qc8 35. h3 Be6 36. Red1 Rd7 37. h4 h5 38. Qb2 Bg4 39. Rc1 Qd8 40. g3
Rxd6 41. Rxd6 Qxd6 42. Re1 Qc6+ 43. Kh2 Be6 44. Rd1 Qc7 45. Qd4 Kh7 46. Qd2
{Game drawn by mutual agreement} 1/2-1/2

[Event "Team 45 45 League T40"]
[Site "Internet Chess Club"]
[Date "2009.02.28"]
[Round "5"]
[White "Stap-L"]
[Black "Rhel"]
[Result "1-0"]
[WhiteElo "1798"]
[BlackElo "1593"]
[Opening "QGD: exchange, positional line"]
[ECO "D35"]
[Time "05:32:18"]
[TimeControl "2700+45"]

1. d4 d5 2. c4 e6 3. cxd5 exd5 4. Nc3 Nf6 5. Bg5 Be7 6. e3 Nbd7 7. Qc2 c6 8. Nf3
O-O 9. Bd3 Re8 10. O-O Nf8 11. h3 g6 12. Bf4 Nh5 13. Bh2 Bd6 14. Bxd6 Qxd6 15.
Rab1 Bd7 16. b4 Qf6 17. b5 Bxh3 18. Ne5 Bd7 19. bxc6 Bxc6 20. Bb5 Qe6 21. Bxc6
bxc6 22. Na4 f6 23. Nxc6 Rac8 24. Rfc1 Rc7 25. Rb5 Kf7 26. Nd8+ Rxd8 27. Qxc7+
Rd7 28. Qa5 Ng3 29. Nc5 Ne2+ 30. Kf1 Ng3+ 31. fxg3 Qxe3 32. Re1 Qxd4 33. Nxd7
Qd3+ 34. Kf2 Qf5+ 35. Kg1 {Black resigns} 1-0

[Event "Team 45 45 League T40"]
[Site "Internet Chess Club"]
[Date "2009.02.28"]
[Round "5"]
[White "ghostfire"]
[Black "A-Ru"]
[Result "0-1"]
[WhiteElo "1808"]
[BlackElo "1795"]
[Opening "QGD: semi-Slav"]
[ECO "D31"]
[Time "08:00:18"]
[TimeControl "2700+45"]

1. d4 e6 2. c4 d5 3. Nc3 c6 4. cxd5 exd5 5. e3 Bf5 6. Bd3 Bxd3 7. Qxd3 Nf6 8.
Nge2 Bb4 9. O-O O-O 10. a3 Bxc3 11. Nxc3 Nbd7 12. b4 b5 13. Bb2 Nb6 14. Rfc1 Nc4
15. Rc2 a5 16. bxa5 Rxa5 17. Nb1 Qb6 18. Bc3 Ra4 19. Bb4 Rfa8 20. Bc5 Qb7 21.
Rca2 Ne4 22. Bb4 Qd7 23. f3 Ned6 24. Nc3 R4a6 25. e4 dxe4 26. fxe4 Nb7 27. Qd1
Rd8 28. Ne2 Qg4 29. Qd3 c5 30. Bc3 cxd4 31. Bxd4 Nc5 32. Qb1 Nxa3 33. Qf1 Rxd4
34. Nxd4 Qxe4 35. Nxb5 Nxb5 36. Rxa6 Nxa6 37. Rxa6 Nc7 38. Ra1 Ne6 39. Kh1 h6
40. h3 Qe5 41. Qb1 g6 42. Qf1 Qe4 43. Qf6 Nf4 44. Rg1 Nxh3 45. Rf1 Ng5 46. Qc3
Ne6 47. Re1 Qg4 48. Qc8+ Kh7 49. Rf1 Qh4+ 50. Kg1 Nf4 51. Qc4 Nh3+ {White
resigns} 0-1

[Event "Team 45 45 League T40"]
[Site "Internet Chess Club"]
[Date "2009.03.01"]
[Round "5"]
[White "viking99"]
[Black "Harmonicus"]
[Result "1/2-1/2"]
[WhiteElo "1826"]
[BlackElo "1890"]
[Opening "Ruy Lopez: exchange variation, 5.O-O"]
[ECO "C68"]
[Time "20:03:26"]
[TimeControl "2700+45"]

1. e4 e5 2. Nf3 Nc6 3. Bb5 a6 4. Bxc6 dxc6 5. O-O Qf6 6. d4 exd4 7. Bg5 Qd6 8.
Qxd4 Bg4 9. e5 Qxd4 10. Nxd4 Ne7 11. h3 Bd7 12. Nc3 h6 13. Bh4 Ng6 14. Bg3 O-O-O
15. Rad1 Be7 16. a3 c5 17. Nb3 Bf5 18. Na1 Be6 19. f4 Rxd1 20. Rxd1 Rd8 21.
Rxd8+ Bxd8 22. Ne2 f6 23. exf6 Bxf6 24. c3 Nh4 25. Nc2 Bc4 26. Kf2 Nxg2 27. Ne3
Nxe3 28. Kxe3 Bxe2 29. Kxe2 g6 30. Kd3 Kd7 31. Ke4 Ke6 32. Bf2 c4 33. Be3 Bh4
34. Bg1 Be1 35. Be3 h5 36. Bc1 Bf2 37. Bd2 c6 38. Kf3 Bg1 39. Ke4 Bb6 40. Be1
Kf6 41. Bh4+ Ke6 42. Bg3 Bc5 43. Bh4 b5 44. Be1 a5 45. Bd2 Bf2 46. Kf3 Bh4 47.
Ke4 Bf6 48. Be3 b4 49. Bd4 Be7 50. cxb4 axb4 51. axb4 Bxb4 52. Be5 {Game drawn
by mutual agreement} 1/2-1/2

[Event "Team 45 45 League T40"]
[Site "Internet Chess Club"]
[Date "2009.02.26"]
[Round "5"]
[White "Razorbackchess"]
[Black "Kingofknights"]
[Result "1/2-1/2"]
[WhiteElo "1792"]
[BlackElo "1764"]
[Opening "QGD Slav defense"]
[ECO "D10"]
[Time "19:09:51"]
[TimeControl "2700+45"]

1. d4 d5 2. c4 c6 3. Nc3 Nf6 4. Bg5 dxc4 5. a4 Bf5 6. f3 Nd5 7. e4 Nxc3 8. bxc3
Be6 9. f4 f6 10. Bh4 b5 11. axb5 cxb5 12. d5 Bf7 13. Nf3 e6 14. dxe6 Qxd1+ 15.
Rxd1 Bxe6 16. f5 Bd7 17. e5 fxe5 18. Nxe5 Be7 19. Bxe7 Kxe7 20. Be2 a5 21. O-O
Ra7 22. Bh5 Rc8 23. Rfe1 Kf8 24. Rb1 Rb7 25. Bf3 Rb6 26. g4 b4 27. Bd5 Bb5 28.
cxb4 a4 29. Rbc1 Nd7 30. Nxc4 Bxc4 31. Bxc4 Rxb4 32. Be6 Rxc1 33. Rxc1 Rxg4+ 34.
Kf2 Ne5 35. Rc8+ Ke7 36. h3 Rb4 37. Kg3 Rd4 38. Ra8 Rd3+ 39. Kf4 Nc6 40. Rxa4
Rxh3 41. Kg4 Rh2 42. Bd5 Ne5+ 43. Kg3 Rd2 44. Be4 Kf6 45. Ra6+ Kg5 46. Ra7 Rd7
47. Ra5 Re7 48. Bc2 h6 49. Ra6 Rd7 50. Re6 Nd3 51. Rg6+ Kxf5 52. Rc6 Kg5 53. Rc4
Ne5 54. Re4 Nc6 55. Re6 Ne7 56. Re5+ Kf6 57. Rb5 Rc7 58. Be4 Rc3+ 59. Kf4 g5+
60. Kg4 Rc4 61. Kf3 Rc1 62. Rb6+ Kg7 63. Re6 Rf1+ 64. Kg2 Rf7 65. Kg3 Nf5+ 66.
Kg4 Nh4 67. Kh5 Nf5 68. Rg6+ Kf8 69. Bxf5 Rxf5 70. Kxh6 Rf2 {Game drawn by
mutual agreement} 1/2-1/2

[Event "Team 45 45 League T40"]
[Site "Internet Chess Club"]
[Date "2009.03.03"]
[Round "5"]
[White "az2112"]
[Black "rubo"]
[Result "0-1"]
[WhiteElo "1754"]
[BlackElo "1762"]
[Opening "Caro-Kann: advance variation"]
[ECO "B12"]
[Time "21:02:18"]
[TimeControl "2700+45"]

1. e4 c6 2. d4 d5 3. e5 Bf5 4. g4 Bg6 5. e6 fxe6 6. Nf3 Be4 7. Bf4 Nf6 8. Rg1
Bxf3 9. Qxf3 Qb6 10. Qb3 Qxb3 11. axb3 Nbd7 12. Nd2 g6 13. Nf3 h6 14. Bd3 g5 15.
Bg6+ Kd8 16. Ne5 Nxe5 17. Bxe5 Bg7 18. Kd2 Kd7 19. b4 a6 20. Rge1 Raf8 21. f3
Rhg8 22. Re3 Ne8 23. Bxe8+ Rxe8 24. Rae1 Bxe5 25. Rxe5 Rg6 26. h4 gxh4 27. Rh1
Rf8 28. Ke2 Rf4 29. c3 Rgf6 30. Re3 h5 31. Rxh4 hxg4 32. Rxg4 Rxg4 33. fxg4 Rf4
34. Rg3 Kd6 35. g5 e5 36. g6 Rf8 37. g7 Rg8 38. Rg6+ e6 39. dxe5+ Kxe5 40. Ke3
Kf5 41. Rg2 Kf6 42. Rf2+ Kxg7 43. Rg2+ Kf7 44. Rxg8 Kxg8 45. Kf4 Kf7 46. Ke5 Ke7
47. b3 b5 48. c4 dxc4 49. bxc4 bxc4 50. Kd4 e5+ 51. Kxc4 Kd6 52. Kc3 Kd5 53. Kd3
c5 54. bxc5 Kxc5 {White resigns} 0-1

[Event "Team 45 45 League T40"]
[Site "Internet Chess Club"]
[Date "2009.02.28"]
[Round "5"]
[White "Just-Jim"]
[Black "Check101"]
[Result "1/2-1/2"]
[WhiteElo "1368"]
[BlackElo "1246"]
[Opening "Petrov: Italian variation"]
[ECO "C42"]
[Time "12:50:36"]
[TimeControl "2700+45"]

1. e4 e5 2. Nf3 Nf6 3. Bc4 Nxe4 4. Qe2 d5 5. Bb3 Bd6 6. Bxd5 Nf6 7. Nxe5 Qe7 8.
Bxf7+ Kf8 9. d4 Bxe5 10. dxe5 Kxf7 11. exf6 Qxe2+ 12. Kxe2 Kxf6 13. Nc3 Bf5 14.
Nd5+ Kg6 15. Nxc7 Nc6 16. Nxa8 Nd4+ 17. Kd1 Rxa8 18. c3 Nc2 19. Rb1 Rd8+ 20. Ke2
Nd4+ 21. cxd4 Bxb1 22. Rd1 Bxa2 23. Be3 Bc4+ 24. Ke1 b5 25. g3 a5 26. Kd2 b4 27.
Ra1 Ra8 28. Rc1 Bb3 29. Rc5 a4 30. Rb5 a3 31. bxa3 bxa3 32. d5 a2 33. Bd4 Bxd5
34. Rxd5 a1=Q 35. Bxa1 Rxa1 36. h4 Kf6 37. Ke3 Ke6 38. Rh5 h6 39. Rb5 Kf6 40. f4
Ra3+ 41. Kf2 g6 42. Re5 Ra2+ 43. Kf3 h5 44. Re2 Rxe2 45. Kxe2 Ke6 46. Kf3 Kf5
47. Kf2 Kg4 48. Kg2 Kf5 49. Kf3 Kf6 50. g4 hxg4+ 51. Kxg4 Kg7 52. Kg5 Kh7 53. h5
gxh5 54. f5 Kg7 55. Kxh5 Kf6 56. Kg4 Kf7 57. Kg5 Kg7 58. f6+ Kf7 59. Kf5 Kf8 60.
Ke6 Ke8 61. Kd6 Kf7 62. Ke5 Kf8 63. Ke6 Ke8 64. f7+ Kf8 65. Kf6 {Black
stalemated} 1/2-1/2

[Event "Team 45 45 League T40"]
[Site "Internet Chess Club"]
[Date "2009.03.04"]
[Round "5"]
[White "Fourclub"]
[Black "reverendjim"]
[Result "1-0"]
[WhiteElo "1504"]
[BlackElo "1294"]
[Opening "Ruy Lopez: closed, Chigorin, 12...c5d4"]
[ECO "C99"]
[Time "23:04:11"]
[TimeControl "2700+45"]

1. e4 e5 2. Nf3 Nc6 3. Bb5 a6 4. Ba4 Nf6 5. O-O Be7 6. Re1 b5 7. Bb3 d6 8. c3
O-O 9. h3 Na5 10. Bc2 c5 11. d4 Qc7 12. Nbd2 cxd4 13. cxd4 Bb7 14. Nf1 Rac8 15.
Ne3 Bxe4 16. Bxe4 Nxe4 17. Nd5 Qb7 18. Nxe7+ Qxe7 19. Rxe4 f5 20. Re1 e4 21. Bg5
Qf7 22. Nd2 d5 23. Nb3 Nc6 24. Nc5 Nb4 25. a3 h6 26. axb4 hxg5 27. Rxa6 g4 28.
h4 Qh5 29. g3 g5 30. Qb3 gxh4 31. Qxd5+ Qf7 32. Qxf7+ Rxf7 33. gxh4 Rh7 34. Kg2
Rxh4 35. Rh1 Rxh1 36. Kxh1 Rd8 37. Ne6 Rd5 38. Kg2 Kf7 39. Kg3 Rd7 40. Rb6 Rd5
41. Rc6 Ke7 42. Ng7 Rxd4 43. Nxf5+ {Black resigns} 1-0

[Event "Team 45 45 League T40"]
[Site "Internet Chess Club"]
[Date "2009.03.02"]
[Round "5"]
[White "chips"]
[Black "theartist"]
[Result "1/2-1/2"]
[WhiteElo "1208"]
[BlackElo "1157"]
[Opening "Queen's pawn game"]
[ECO "A46"]
[Time "16:05:25"]
[TimeControl "2700+45"]

1. d4 Nf6 2. Nf3 e6 3. Bf4 c5 4. c3 Nc6 5. e3 d5 6. Bb5 Bd7 7. h3 a6 8. Bxc6
Bxc6 9. Bh2 cxd4 10. cxd4 Bb4+ 11. Nbd2 Bb5 12. a4 Bc6 13. O-O O-O 14. Qb3 a5
15. Qd1 Rc8 16. Ne5 Be8 17. Nd3 Bd6 18. Ne5 Qb6 19. b3 Nd7 20. Nxd7 Bxh2+ 21.
Kxh2 Bxd7 22. Nf3 Rc3 23. Rb1 Rfc8 24. Ne5 Be8 25. Kg1 f6 26. Nf3 Bh5 27. g4 Bg6
28. Rb2 Bc2 29. Qa1 Bxb3 30. Rfb1 Qb4 31. Nd2 Qxa4 32. Nxb3 Qxa1 33. Rxa1 b6 34.
Nd2 Rb8 35. Rab1 Rc6 36. Rb5 Rc2 37. Nb3 Rcc8 38. Na1 Rc6 39. Nb3 {Game drawn by
mutual agreement} 1/2-1/2

[Event "Team 45 45 League T40"]
[Site "Internet Chess Club"]
[Date "2009.02.28"]
[Round "5"]
[White "arconia"]
[Black "JimGaming"]
[Result "1-0"]
[WhiteElo "1378"]
[BlackElo "1297"]
[Opening "Sicilian: Hungarian variation"]
[ECO "B27"]
[Time "15:00:13"]
[TimeControl "2700+45"]

1. e4 c5 2. Nf3 g6 3. Be2 Bg7 4. O-O b6 5. d3 Nc6 6. h3 Ba6 7. Nbd2 d5 8. Nh2 d4
9. f4 f5 10. exf5 Nf6 11. Ndf3 gxf5 12. Ne5 Nxe5 13. fxe5 O-O 14. exf6 Rxf6 15.
Bg5 Rf8 16. Bh5 h6 17. Bh4 Qd6 18. Re1 e6 19. Qf3 Rab8 20. Re2 Bb7 21. Qg3 Qxg3
22. Bxg3 f4 23. Bh4 e5 24. Nf3 Bxf3 25. gxf3 Kh7 26. Rg2 Rb7 27. Rg6 Rbf7 28.
Kh2 Rf5 29. Rxg7+ Kxg7 30. Rg1+ Kh8 31. Bg6 R5f6 32. Bxf6+ Rxf6 33. Be4 Rd6 34.
Rg6 Rxg6 35. Bxg6 Kg7 36. Be4 Kf6 37. h4 b5 38. Kh3 b4 39. Kg4 a5 40. Kh5 Kg7
41. Kg4 a4 42. Kf5 c4 43. dxc4 d3 44. Bxd3 e4 45. Bxe4 b3 46. cxb3 axb3 47. axb3
{Black resigns} 1-0

[Event "Team 45 45 League T40"]
[Site "Internet Chess Club"]
[Date "2009.03.02"]
[Round "5"]
[White "Gomer"]
[Black "kidcobra"]
[Result "0-1"]
[WhiteElo "1167"]
[BlackElo "1517"]
[Opening "Bishop's opening: Berlin defense"]
[ECO "C24"]
[Time "15:05:05"]
[TimeControl "2700+45"]

1. e4 e5 2. Bc4 Nf6 3. d3 d5 4. exd5 Nxd5 5. Nf3 f6 6. O-O Bc5 7. Nc3 c6 8. d4
exd4 9. Re1+ Be7 10. Qxd4 Nxc3 11. Qxd8+ Kxd8 12. bxc3 Nd7 13. Bf4 Nb6 14. Bb3
Bf5 15. Rad1+ Bd7 16. Nd4 Nd5 17. Bxd5 cxd5 18. c4 Bb4 19. Re2 Re8 20. Rxe8+
Kxe8 21. cxd5 Rc8 22. h3 Bc5 23. Re1+ Kf8 24. Nb3 Bb4 25. Re4 Ba3 26. c4 Bf5 27.
Rd4 Bb2 28. Bd6+ Kg8 29. Rd2 Bc3 30. Re2 Rd8 31. Bc5 b6 32. Re3 Be5 33. Bd4 Bd6
34. c5 bxc5 35. Nxc5 Rb8 36. Nb3 Rb5 37. Bxa7 Rxd5 38. Kf1 Bd3+ 39. Kg1 Bb1 40.
Re8+ Kf7 41. Re2 Rd1+ {White resigns} 0-1

[Event "Team 45 45 League T40"]
[Site "Internet Chess Club"]
[Date "2009.03.01"]
[Round "5"]
[White "xlxe5"]
[Black "MeansToAnEnd"]
[Result "1-0"]
[WhiteElo "1386"]
[BlackElo "1118"]
[Opening "Queen's Pawn"]
[ECO "A41"]
[Time "19:00:23"]
[TimeControl "2700+45"]

1. d4 d6 2. Nf3 g6 3. Nbd2 Nf6 4. e4 e6 5. Bd3 Nc6 6. c3 Bg7 7. O-O O-O 8. Qe2
e5 9. dxe5 dxe5 10. Bc2 Bg4 11. Rd1 Bxf3 12. Nxf3 Qe7 13. Bg5 Rfd8 14. Rxd8+
Rxd8 15. Rd1 Rxd1+ 16. Qxd1 h6 17. Be3 Na5 18. Qc1 Ng4 19. h3 Nxe3 20. Qxe3 Nc4
21. Qxa7 b6 22. Qa8+ Bf8 23. Qd5 Nxb2 24. Nxe5 Bg7 25. Nxg6 Qf6 26. Qa8+ Kh7 27.
e5 Qg5 28. Ne7+ f5 29. Qg8# {Black checkmated} 1-0

[Event "Team 45 45 League T40"]
[Site "Internet Chess Club"]
[Date "2009.02.28"]
[Round "5"]
[White "stillday"]
[Black "bowwrestler"]
[Result "1-0"]
[WhiteElo "1169"]
[BlackElo "1038"]
[Opening "Queen's gambit accepted"]
[ECO "D20"]
[Time "12:00:37"]
[TimeControl "2700+45"]

1. d4 d5 2. c4 dxc4 3. e3 Nf6 4. Nc3 Be6 5. Nf3 Nbd7 6. h3 c5 7. d5 Nxd5 8. Nxd5
Bxd5 9. Qxd5 b5 10. Ne5 e6 11. Qxd7+ Qxd7 12. Nxd7 Kxd7 13. Bd2 g6 14. O-O-O Kc6
15. g4 f5 16. Bg2+ Kc7 17. Bxa8 Bd6 18. Ba5+ Kd7 19. Bf3 Ke7 20. Bc3 Rf8 21. Bg7
Rf7 22. Bh6 e5 23. Bd5 Rf6 24. Bg5 b4 25. Bxc4 a5 26. Bxf6+ Kxf6 27. Rxd6+ Ke7
28. Rhd1 e4 29. Rd7+ Kf6 30. Rxh7 Kg5 31. gxf5 Kxf5 32. Rd5+ Ke6 33. Rh6 Kf6 34.
Rd6+ Kg5 35. Rdxg6+ Kf5 36. h4 Ke5 37. Rh5# {Black checkmated} 1-0

[Event "Team 45 45 League T40"]
[Site "Internet Chess Club"]
[Date "2009.03.01"]
[Round "5"]
[White "Chessduke"]
[Black "Morovon23"]
[Result "1-0"]
[WhiteElo "2120"]
[BlackElo "2147"]
[Opening "Alekhine's defense: modern variation, 4...Bg4"]
[ECO "B05"]
[Time "12:08:18"]
[TimeControl "2700+45"]

1. e4 Nf6 2. e5 Nd5 3. d4 d6 4. Nf3 Bg4 5. Be2 e6 6. h3 Bh5 7. c4 Nb6 8. b3 dxe5
9. Nxe5 Bxe2 10. Qxe2 Bb4+ 11. Kf1 Qxd4 12. Bb2 Qh4 13. Qf3 O-O 14. Qxb7 Bc5 15.
g3 Qf6 16. Nd3 Bd4 17. c5 Bxb2 18. cxb6 Nd7 19. Kg2 Bxa1 20. bxc7 Nb6 21. Rc1
Qd4 22. Qa6 Qd5+ 23. Kh2 Bf6 24. a4 Qxb3 25. a5 Nc8 26. Nd2 Qd5 27. Rc5 Qd7 28.
Ne4 Ne7 29. Nf4 Qd4 30. Rc4 Qe5 31. Nd3 Qd5 32. Nf4 Qd1 33. Kg2 Kh8 34. Nd6 Nc8
35. Nxf7+ Kg8 36. Qxe6 Rxf7 37. Qc6 Qd6 38. Qxa8 Rxc7 39. Re4 Qc6 40. Qxc6 Rxc6
41. Nd5 Kf7 42. Ra4 Nd6 43. f4 Rc5 44. Ne3 a6 45. Rb4 Rxa5 46. Rb6 Nb5 47. Rb7+
Ke6 48. f5+ Ke5 49. Nc4+ Kxf5 50. Nxa5 Nd4 51. Ra7 h5 52. Rxa6 h4 53. g4+ Kf4
54. Nc4 Nc2 55. Re6 Nb4 56. Nd6 Be5 57. Nf5 Nd3 58. Nxh4 Ne1+ 59. Kf1 Nc2 60.
Ng6+ {Black resigns} 1-0

[Event "Team 45 45 League T40"]
[Site "Internet Chess Club"]
[Date "2009.02.27"]
[Round "5"]
[White "trucazzo"]
[Black "Legal"]
[Result "0-1"]
[WhiteElo "1945"]
[BlackElo "2015"]
[Opening "Queen's pawn"]
[ECO "A40"]
[Time "17:00:38"]
[TimeControl "2700+45"]

1. d4 e6 2. Nf3 f5 3. g4 fxg4 4. Ne5 Qh4 5. e4 g3 6. Be3 gxf2+ 7. Kd2 Nf6 8. Nc3
Bb4 9. Bd3 O-O 10. Qf3 Nd5 11. Qg3 Qxg3 12. hxg3 Nxe3 13. Kxe3 d6 14. Nf3 e5 15.
dxe5 Bg4 16. Bc4+ Kh8 17. Ng5 h6 18. Nd5 Bc5+ 19. Kd2 Nc6 20. e6 Ne5 21. Bb3
Nf3+ 22. Kc3 Nxg5 23. Nxc7 Rf3+ 24. Kc4 Bxe6+ 25. Nxe6 Nxe6 26. Kd5 Nd4 27. e5
Nxb3 28. axb3 Raf8 29. Raf1 R3f5 {White resigns} 0-1

[Event "Team 45 45 League T40"]
[Site "Internet Chess Club"]
[Date "2009.02.27"]
[Round "5"]
[White "LubanaColorok"]
[Black "PopolVuh"]
[Result "1/2-1/2"]
[WhiteElo "2035"]
[BlackElo "1896"]
[Opening "French: exchange variation"]
[ECO "C01"]
[Time "11:24:09"]
[TimeControl "2700+45"]

1. e4 e6 2. d4 d5 3. exd5 exd5 4. Bf4 Bd6 5. Bxd6 Qxd6 6. Nf3 Nf6 7. Bd3 O-O 8.
O-O Bg4 9. Nbd2 Nbd7 10. c3 Rfe8 11. Qc2 Re7 12. h3 Bh5 13. Nh4 Bg6 14. Ndf3
Rae8 15. Rae1 Rxe1 16. Rxe1 Rxe1+ 17. Nxe1 Qe6 18. Nef3 Bxd3 19. Qxd3 Ne4 20.
Nd2 Ndf6 21. Nhf3 Nxd2 22. Qxd2 Ne4 23. Qf4 Qd6 24. Qg4 Qe6 25. Qh4 f6 26. Qh5
g6 27. Qh6 Qb6 28. Qc1 Qa6 29. a3 Qe2 30. Qe1 Qxb2 31. c4 c6 32. cxd5 cxd5 33.
a4 b6 34. Qe3 Qa1+ 35. Kh2 Qxa4 36. Nh4 Qb4 37. f3 Qd6+ 38. Kg1 Qg3 39. Qb3 Qe1+
40. Kh2 Nc3 41. Qa3 Ne2 42. Qe3 Qg3+ 43. Kh1 Qxh4 44. Qxe2 Qxd4 45. Qe8+ Kg7 46.
Qe7+ Kh6 47. Qxa7 Qc5 48. Qb8 d4 49. Qf4+ Kg7 50. Qe4 b5 51. h4 b4 52. g4 Qc3
53. Qe7+ Kg8 54. Qe8+ Kg7 55. Qe7+ Kg8 56. Qe8+ Kg7 57. Qe7+ {Game drawn by
repetition} 1/2-1/2

[Event "Team 45 45 League T40"]
[Site "Internet Chess Club"]
[Date "2009.02.28"]
[Round "5"]
[White "kirsan"]
[Black "parrot9"]
[Result "1-0"]
[WhiteElo "1914"]
[BlackElo "1693"]
[Opening "Sicilian: Prins (Moscow) variation"]
[ECO "B55"]
[Time "15:00:39"]
[TimeControl "2700+45"]

1. e4 c5 2. Nf3 d6 3. d4 cxd4 4. Nxd4 Nf6 5. f3 a6 6. c4 e6 7. Nc3 Be7 8. Be2
Nc6 9. Be3 Qc7 10. O-O O-O 11. Rc1 Rd8 12. Nd5 Nxd5 13. cxd5 Qa5 14. dxc6 Qxa2
15. Qd2 e5 16. Ra1 Qxa1 17. Rxa1 exd4 18. Bxd4 bxc6 19. Qc3 {Black resigns} 1-0

[Event "Team 45 45 League T40"]
[Site "Internet Chess Club"]
[Date "2009.02.27"]
[Round "5"]
[White "iasonmessinis"]
[Black "proudchess"]
[Result "1-0"]
[WhiteElo "2216"]
[BlackElo "1997"]
[Opening "Sicilian defense"]
[ECO "B41"]
[Time "14:30:06"]
[TimeControl "2700+45"]

1. e4 c5 2. Nf3 e6 3. d4 cxd4 4. Nxd4 Qb6 5. Nc3 Bc5 6. Be3 Nc6 7. Ndb5 Bxe3 8.
fxe3 Qxe3+ 9. Be2 Kd8 10. Qd6 Nf6 11. Qc7+ Ke7 12. Nd6 Qb6 13. Qxb6 axb6 14. Rd1
Rd8 15. O-O Ne5 16. a3 Ra5 17. g3 h5 18. Ncb5 g5 19. Kg2 Rh8 20. Rf2 Nfg4 21.
Bxg4 hxg4 22. Rdf1 Rf8 23. b4 Rxb5 24. Nxb5 Nc4 25. Kg1 d6 26. Rd1 Bd7 27. Nxd6
Nxd6 28. Rfd2 Ra8 29. Rxd6 Bc6 30. R6d3 Bxe4 31. Rc3 Bc6 32. b5 Bxb5 33. Rc7+
Kf8 34. Rxb7 Rxa3 35. Rxb6 Be2 36. Rd2 Ra1+ 37. Kf2 Bf3 38. Rb5 Rh1 39. Ke3 Re1+
40. Kd4 f6 41. Kc5 Rc1 42. Kd6 Bd5 43. Rc5 Ra1 44. Rc8+ Kf7 45. c4 Ra6+ 46. Kc5
Be4 47. Rc7+ Kg6 48. Rd6 Ra5+ 49. Kb4 Re5 50. Re7 Kf5 51. c5 Bd5 52. c6 Re4+ 53.
Kb5 Rc4 54. Rd8 Rxc6 55. Rxd5+ exd5 56. Kxc6 {Black resigns} 1-0

[Event "Team 45 45 League T40"]
[Site "Internet Chess Club"]
[Date "2009.02.27"]
[Round "5"]
[White "Knight77"]
[Black "Klampin"]
[Result "0-1"]
[WhiteElo "1883"]
[BlackElo "2051"]
[Opening "Réti: King's Indian attack (Barcza system)"]
[ECO "A07"]
[Time "14:30:19"]
[TimeControl "2700+45"]

1. Nf3 d5 2. g3 Nf6 3. Bg2 Bg4 4. d3 e6 5. Nbd2 Bd6 6. O-O Nbd7 7. e4 O-O 8. Re1
c6 9. h3 Bxf3 10. Nxf3 Qc7 11. Qe2 dxe4 12. dxe4 Ne5 13. Nxe5 Bxe5 14. c3 Rad8
15. f4 Bd6 16. Be3 e5 17. f5 Rd7 18. Rad1 Rfd8 19. g4 Be7 20. Rxd7 Nxd7 21. g5
Bc5 22. Bxc5 Nxc5 23. g6 Nd3 24. gxf7+ Kxf7 25. Rd1 Qb6+ 26. Kh2 Nf4 27. Qc4+
Kf6 28. Rf1 Ke7 29. Rf3 Rd2 30. Rg3 g6 31. Qg8 Qxb2 32. Qxh7+ Kd6 33. Rxg6+ Kc5
34. Qg7 Nxg6 35. Qxg6 Qxc3 36. f6 Rf2 37. Qg7 Qf3 38. Qe7+ Kc4 39. Qe6+ Kb4 40.
Qd6+ Ka4 41. Qd1+ Qxd1 {White resigns} 0-1

[Event "Team 45 45 League T40"]
[Site "Internet Chess Club"]
[Date "2009.03.01"]
[Round "5"]
[White "Goal-2009"]
[Black "Fezzik"]
[Result "0-1"]
[WhiteElo "1833"]
[BlackElo "2020"]
[Opening "French: classical, Steinitz variation"]
[ECO "C14"]
[Time "21:02:10"]
[TimeControl "2700+45"]

1. d4 d5 2. Nc3 Nf6 3. Bg5 e6 4. e4 Be7 5. e5 Nfd7 6. Bxe7 Qxe7 7. f4 O-O 8. Bd3
c5 9. Nf3 f6 10. Nb5 Nc6 11. c3 cxd4 12. cxd4 fxe5 13. fxe5 Qb4+ 14. Qd2 Qxd2+
15. Kxd2 Nb6 16. Rhf1 Bd7 17. Nd6 Rab8 18. a3 Na5 19. Ke2 Nac4 20. Ng5 h6 21.
Rxf8+ Rxf8 22. Nh7 Rb8 23. Nxc4 dxc4 24. Bg6 Be8 25. Bc2 Bb5 26. Kf3 Rd8 27. Rd1
Ba4 {White resigns} 0-1

[Event "Team 45 45 League T40"]
[Site "Internet Chess Club"]
[Date "2009.03.01"]
[Round "5"]
[White "JoshRom"]
[Black "markgravitygood"]
[Result "0-1"]
[WhiteElo "1997"]
[BlackElo "1803"]
[Opening "Caro-Kann: Steinitz variation"]
[ECO "B17"]
[Time "13:01:53"]
[TimeControl "2700+45"]

1. e4 c6 2. d4 d5 3. Nc3 dxe4 4. Nxe4 Nd7 5. Nf3 Ngf6 6. Ng3 c5 7. dxc5 e6 8.
Be3 Qc7 9. Qd2 Nd5 10. Bd4 Nxc5 11. O-O-O Bd7 12. Be5 Qb6 13. Bc4 Bc6 14. Nd4
O-O-O 15. Nxc6 bxc6 16. Qe2 f6 17. Bd4 Nf4 18. Qg4 Ncd3+ 19. Rxd3 Nxd3+ 20. cxd3
Qxd4 21. Qxe6+ Qd7 22. Qe4 Re8 23. Ba6+ Kb8 24. Qa4 Ka8 25. Kb1 Bc5 26. Ne4 Bb6
27. Rc1 Re6 28. Bc4 Re7 29. Ba6 Re6 30. Bc4 Re7 31. g4 Rhe8 32. f3 Be3 33. Rc3
Rb8 34. Kc2 Bd4 35. b4 Bxc3 36. Kxc3 h6 37. Nc5 Qd6 38. Ne4 Rxe4 39. fxe4 Qe5+
40. Kb3 Rb6 41. b5 cxb5 {White resigns} 0-1

[Event "Team 45 45 League T40"]
[Site "Internet Chess Club"]
[Date "2009.02.28"]
[Round "5"]
[White "CKNIGHT3"]
[Black "ticopatzer"]
[Result "1-0"]
[WhiteElo "1504"]
[BlackElo "1540"]
[Opening "Queen's pawn game"]
[ECO "E20"]
[Time "12:00:10"]
[TimeControl "2700+45"]

1. d4 Nf6 2. c4 e6 3. Nc3 b6 4. a3 Bb7 5. Bg5 Be7 6. e3 O-O 7. Nf3 d5 8. Bd3
dxc4 9. Bxc4 Nbd7 10. O-O Rc8 11. b4 c5 12. bxc5 bxc5 13. Nb5 cxd4 14. Qxd4 Nb6
15. Qxd8 Rfxd8 16. Be2 a6 17. Nbd4 Nc4 18. a4 Rd7 19. Bxc4 Rxc4 20. Ne5 Rcxd4
21. exd4 Rxd4 22. Rab1 Be4 23. Rb8+ Rd8 24. Rxd8+ Bxd8 25. Rd1 Bc7 26. Rc1 Nd5
27. f3 Bg6 28. Rc6 f6 29. Rxa6 fxg5 30. Ra8+ {Black resigns} 1-0

[Event "Team 45 45 League T40"]
[Site "Internet Chess Club"]
[Date "2009.02.25"]
[Round "5"]
[White "SeniorCitizen"]
[Black "smsxman"]
[Result "0-1"]
[WhiteElo "1355"]
[BlackElo "1490"]
[Opening "Danish gambit"]
[ECO "C21"]
[Time "14:00:39"]
[TimeControl "2700+45"]

1. e4 e5 2. d4 exd4 3. c3 Nc6 4. cxd4 d5 5. e5 Bb4+ 6. Nc3 Nge7 7. Nf3 O-O 8.
Be2 Bg4 9. O-O Bxf3 10. Bxf3 Ba5 11. Be3 Bb6 12. Na4 Ba5 13. Nc5 Rb8 14. Nb3 Bb6
15. Bg4 f5 16. exf6 Rxf6 17. Bg5 Rg6 18. h4 Qf8 19. Be3 Nf5 20. g3 Nxe3 21. fxe3
Qd6 22. Kh2 Re8 23. Re1 Rf8 24. Rf1 Rgf6 25. Rxf6 Rxf6 26. Qg1 Rh6 27. Kh3 Rf6
28. Rf1 h5 29. Bxh5 Rxf1 30. Qxf1 Qe6+ 31. Bg4 Qxe3 32. Be6+ Qxe6+ {White
resigns} 0-1

[Event "Team 45 45 League T40"]
[Site "Internet Chess Club"]
[Date "2009.03.01"]
[Round "5"]
[White "Wonderbugg"]
[Black "kjs110"]
[Result "1-0"]
[WhiteElo "1355"]
[BlackElo "1121"]
[Opening "King's Indian defense, 3.Nc3"]
[ECO "E90"]
[Time "19:00:11"]
[TimeControl "2700+45"]

1. d4 Nf6 2. c4 g6 3. Nc3 Bg7 4. Nf3 O-O 5. e4 d6 6. Bd3 Re8 7. O-O e5 8. d5
Nbd7 9. a3 Nc5 10. Bc2 a5 11. b3 b6 12. Bb2 Nh5 13. b4 Nb7 14. Ba4 Bd7 15. Bxd7
Qxd7 16. Qc2 f5 17. exf5 gxf5 18. Ng5 Nd8 19. b5 h6 20. Nh3 Nb7 21. f3 Nc5 22.
Rae1 Nf6 23. Nf2 Kf7 24. Na4 Nxa4 25. Qxa4 Rg8 26. Re2 Bh8 27. Rfe1 Rg6 28. Nd3
Rag8 29. Bxe5 Nh5 30. Bxh8 Rxh8 31. Qc2 Nf6 32. Nf4 Rgg8 33. Re7+ Qxe7 34. Rxe7+
Kxe7 35. Qxf5 Rg5 36. Qe6+ Kf8 37. Qxf6+ Kg8 38. Ne6 Re5 39. Qg7# {Black
checkmated} 1-0